 Dungeon Crawl Stone Soup version 0.30-a0-956-gcec3b41aec (webtiles) character file.

Game seed: 877260033360806440

14121 Chaicat the Cleaver (level 11, -35/104 HPs)
             Began as a Minotaur Berserker on Mar 27, 2023.
             Was a High Priest of Trog.
             Annihilated by a titanic slime creature (59 damage)
             ... on level 12 of the Dungeon on Mar 29, 2023.
             The game lasted 00:31:29 (9749 turns).

Chaicat the Cleaver (Minotaur Berserker)            Turns: 9749, Time: 00:31:30

Health: -35/104    AC: 23    Str: 27    XL:     11   Next: 84%
Magic:  10/10      EV: 16    Int:  4    God:    Trog [*****.]
Gold:   1236       SH:  0    Dex:  7    Spells: 10/10 levels left

rFire   . . .      SeeInvis +    u - +9 broad axe (flame)
rCold   + + +      Faith    .    (no shield)
rNeg    + . .      Spirit   .    l - +3 chain mail of Pudwit {Str-2 Slay+6 SInv Stlth+}
rPois   .          Reflect  .    (helmet restricted)
rElec   .          Rampage  +    o - +2 cloak {Will+}
rCorr   .                        k - +0 pair of gloves
Will    +....                    e - +2 pair of boots {rampage} Stlth
                                 C - amulet "Wycupn" {rC+++ Regen+ Str+4 Dex-4}
HPRegen 1.17/turn                v - +5 ring of evasion
MPRegen 0.12/turn                x - ring of positive energy

@: no status effects
A: horns 2, retaliatory headbutt
a: Renounce Religion, Berserk, Trog's Hand, Brothers in Arms


You were on level 12 of the Dungeon.
You worshipped Trog.
Trog was extremely pleased with you.
You visited 1 branch of the dungeon, and saw 12 of its levels.
You also visited: Bailey.

You collected 1236 gold pieces.

Inventory:

Hand Weapons
 u - a +9 broad axe of flaming (weapon)
 y - a +3 battleaxe
Missiles
 t - 3 throwing nets (quivered)
Armour
 e - a +2 pair of boots of rampaging (worn)
 k - a +0 pair of gloves (worn)
 l - the +3 chain mail of Pudwit (worn) {Str-2 Slay+6 SInv Stlth+}
   (You found it in a bailey)

   Str:       It affects your strength (-2).
   Slay:      It affects your accuracy & damage with ranged weapons and melee
   (+6).
   SInv:      It lets you see invisible.
   Stlth:     It makes you more stealthy.
 o - a +2 cloak of willpower (worn)
 q - the +7 chain mail of the Pirate {rElec}
   (You found it on level 7 of the Dungeon)

   rElec:     It insulates you from electricity.
Jewellery
 v - a +5 ring of evasion (left hand)
 x - a ring of positive energy (right hand)
 C - the amulet "Wycupn" (around neck) {rC+++ Regen+ Str+4 Dex-4}
   (You acquired it on level 11 of the Dungeon)

   [amulet of regeneration]

   Str:       It affects your strength (+4).
   Dex:       It affects your dexterity (-4).
   rC:        It renders you almost immune to cold.
   Regen:     It increases your rate of health regeneration.
Wands
 m - a wand of iceblast (2)
 B - a wand of paralysis (4)
Scrolls
 n - 2 scrolls of magic mapping
 r - 4 scrolls of teleportation
 s - a scroll of fear
 w - 4 scrolls of fog
 A - 2 scrolls of identify
Potions
 a - a potion of might
 c - 2 potions of magic
 d - 2 potions of flight
 f - 4 potions of haste
 g - 6 potions of curing
 h - 2 potions of cancellation
 j - a potion of mutation
 z - a potion of lignification {unknown}
Miscellaneous
 p - a tin of tremorstones (2/2)


   Skills:
 + Level 12.1 Fighting
 + Level 12.1 Axes
 + Level 11.8 Armour
 + Level 10.9 Dodging


You had 10 spell levels left.
You didn't know any spells.
Your spell library was empty.

Dungeon Overview and Level Annotations

Branches:
Dungeon (12/15)            Temple (0/1) D:5            Lair (0/5) D:9
    Orc (0/2) D:9          Bailey (visited)

Altars:
Elyvilon
Fedhas
Gozag
Hepliaklqana
Kikubaaqudgha
Makhleb
Okawaru
Qazlal
Ru
Wu Jian
Xom
Yredelemnul

Shops:
D:4 :   D:6 !(

Portals:
Trove: D:10 (give +3 shadow dragon scales)


Innate Abilities, Weirdness & Mutations

You have a pair of horns on your head.
You reflexively headbutt those who attack you in melee.


Message History

You hit the titanic slime creature. You burn the titanic slime creature.
The titanic slime creature is lightly wounded.
The titanic slime creature closely misses you.
You slice the titanic slime creature!! You burn the titanic slime creature.
The titanic slime creature is moderately wounded.
The titanic slime creature hits you but does no damage.
You slice the titanic slime creature!! You burn the titanic slime creature!
Your headbutt misses the titanic slime creature.
The titanic slime creature is moderately wounded.
The titanic slime creature barely misses you.
You slice the titanic slime creature!! You burn the titanic slime creature.
The titanic slime creature is heavily wounded.
A cyclops comes into view.
The titanic slime creature misses you.
You hit the titanic slime creature. You burn the titanic slime creature.
You headbutt the titanic slime creature.
The titanic slime creature is heavily wounded.
The titanic slime creature hits you!!!!
Ouch! That really hurt!
* * * LOW HITPOINT WARNING * * *
You are too injured to fight recklessly!
You are too injured to fight recklessly!
You are too injured to fight recklessly!
You are too injured to fight recklessly!
You are too injured to fight recklessly!
You are too injured to fight recklessly!
You are too injured to fight recklessly!
You are too injured to fight recklessly!
You are too injured to fight recklessly!
You are too injured to fight recklessly!
You are too injured to fight recklessly!
You are too injured to fight recklessly!
You are too injured to fight recklessly!
You are too injured to fight recklessly!
You slice the titanic slime creature!! You burn the titanic slime creature!
You headbutt the titanic slime creature!
The titanic slime creature is severely wounded.
The titanic slime creature hits you!!!
Ouch! That really hurt!
You die... .#.####### ..C...J@<# #.###.#### #

You could see a titanic slime creature and a cyclops.

Vanquished Creatures
  Erolcha (D:11)
  A two-headed ogre (D:11)
  Pikel (D:4)
  An ugly thing (D:10)
  A manticore (D:11)
  A kobold demonologist (D:11)
  2 unseen horrors
  3 hornets
  3 trolls
  Grinder (D:3)
  Sigmund (D:3)
  A slime creature (D:12)
  A vampire (D:10)
  4 wyverns
  10 yaks
  The ghost of NotreDorf the Cudgeller, an amateur MiBe of Trog (D:3)
  2 steam dragons
  A human (D:10)
  4 vampire mosquitoes (D:10)
  A water moccasin (D:6)
  2 acid dragons (D:9)
  A swamp drake (D:9)
  3 sky beasts
  10 orc warriors
  4 ogres
  4 centaurs
  A lemure (D:4)
  A phantom (D:6)
  The ghost of Newt the Shooter, an amateur KoHu (D:3)
  The ghost of olddryhag the Magician, an amateur OpHW (D:3)
  5 kobold brigands
  2 bullfrogs
  4 scorpions
  20 wights
  11 killer bees
  2 howler monkeys (D:9)
  An electric eel (D:11)
  7 orc priests
  10 hounds
  A jelly (D:7)
  2 gnoll boudas
  Crazy Yiuf (D:3)
  2 sleepcaps (D:7)
  Terence (D:2)
  An iguana (D:5)
  8 orc wizards
  8 gnolls
  5 adders
  2 shadow imps (D:7)
  An ufetubus (D:5)
  2 worms (D:2)
  4 dart slugs
  25 orcs
  6 bats
  6 endoplasms
  4 giant cockroaches
  2 goblins
  6 hobgoblins
  6 jackals
  2 quokkas
  3 training dummies (D:6)
  10 ball pythons
  4 frilled lizards
  A goblin zombie (D:10)
  23 kobolds
  5 rats
272 creatures vanquished.

Notes
Turn   | Place    | Note
-------+----------+-------------------------------------------
     0 | D:1      | Chaicat the Minotaur Berserker began the quest for the Orb.
     0 | D:1      | Reached XP level 1. HP: 19/19 MP: 0/0
     0 | D:1      | Upgraded the game from 0.30-a0-949-g53dc5368d7 to
                  | 0.30-a0-956-gcec3b41aec
    98 | D:1      | Reached XP level 2. HP: 18/27 MP: 1/1
   543 | D:2      | Noticed Terence
   547 | D:2      | Killed Terence
   548 | D:2      | Reached XP level 3. HP: 12/33 MP: 2/2
   852 | D:2      | Reached ** piety under Trog
   952 | D:2      | Reached XP level 4. HP: 40/40 MP: 3/3
  1240 | D:3      | Found a runed translucent door.
  1241 | D:3      | Noticed Crazy Yiuf
  1327 | D:3      | Noticed a scorpion
  1335 | D:3      | Killed a scorpion
  1336 | D:3      | Reached XP level 5. HP: 47/47 MP: 4/4
  1434 | D:3      | Found a faded altar of an unknown god.
  1456 | D:3      | Noticed Sigmund
  1483 | D:3      | Killed Sigmund
  1484 | D:3      | Reached skill level 5 in Fighting
  1484 | D:3      | Reached skill level 5 in Axes
  1484 | D:3      | Reached XP level 6. HP: 30/56 MP: 5/5
  1583 | D:3      | Found a runed translucent gate.
  1584 | D:3      | Found a runed translucent gate.
  1584 | D:3      | Found a runed translucent gate.
  1584 | D:3      | Noticed NotreDorf's ghost (amateur MiBe)
  1584 | D:3      | Noticed Newt's ghost (amateur KoHu)
  1585 | D:3      | Noticed olddryhag's ghost (amateur OpHW)
  1629 | D:3      | Noticed Grinder
  1641 | D:3      | Paralysed by Grinder for 3 turns
  1650 | D:3      | Killed Grinder
  1651 | D:3      | Reached skill level 5 in Armour
  1651 | D:3      | Reached XP level 7. HP: 10/62 MP: 6/6
  1891 | D:3      | Found an ancient bone altar of Kikubaaqudgha.
  2290 | D:3      | Killed Crazy Yiuf
  2360 | D:3      | Killed NotreDorf's ghost
  2367 | D:3      | Killed Newt's ghost
  2368 | D:3      | Reached skill level 5 in Dodging
  2371 | D:3      | Killed olddryhag's ghost
  2371 | D:3      | Reached *** piety under Trog
  2956 | D:4      | Found Teetauw's Book Shoppe.
  3053 | D:4      | Noticed Pikel
  3075 | D:4      | Killed Pikel
  3076 | D:4      | Reached XP level 8. HP: 60/73 MP: 7/7
  3519 | D:5      | Entered Level 5 of the Dungeon
  3537 | D:5      | Found a staircase to the Ecumenical Temple.
  3821 | D:5      | Found a sacrificial altar of Ru.
  4076 | D:5      | Found an ornate altar of the Wu Jian Council.
  4554 | D:6      | Found Rakulec's Firing Range.
  4727 | D:6      | Reached XP level 9. HP: 76/81 MP: 8/8
  4808 | D:6      | Found a shimmering altar of Xom.
  4808 | D:6      | Found an iron altar of Okawaru.
  5013 | D:6      | Reached **** piety under Trog
  5349 | D:6      | Found Uceolito's Distillery.
  5781 | D:7      | Identified the +7 chain mail of the Pirate {rElec}
  5802 | D:7      | Found a burning altar of Makhleb.
  5946 | D:7      | Found a hazy altar of Hepliaklqana.
  6177 | D:7      | Found an opulent altar of Gozag.
  6361 | D:7      | Found a stormy altar of Qazlal.
  6554 | D:8      | Reached XP level 10. HP: 85/91 MP: 9/9
  6609 | D:8      | Found a flagged portal.
  6620 | Bailey   | Entered a bailey
  6794 | Bailey   | Found an iron altar of Okawaru.
  6807 | Bailey   | Identified the +3 chain mail of Pudwit {Str-2 Slay+6 SInv
                  | Stlth+}
  7111 | D:8      | Reached skill level 10 in Axes
  7113 | D:8      | Reached skill level 10 in Fighting
  7360 | D:9      | Found a staircase to the Orcish Mines.
  7366 | D:9      | Reached ***** piety under Trog
  7429 | D:9      | Reached skill level 10 in Armour
  7650 | D:9      | Found a staircase to the Lair.
  7691 | D:9      | Received a gift from Trog
  8072 | D:9      | Reached XP level 11. HP: 91/101 MP: 10/10
  8312 | D:10     | Entered Level 10 of the Dungeon
  8312 | D:10     | Noticed a white ugly thing
  8318 | D:10     | Killed a white ugly thing
  8340 | D:10     | Found a portal to a secret trove of treasure.
  8516 | D:10     | Found a white marble altar of Elyvilon.
  8556 | D:10     | Reached skill level 10 in Dodging
  8601 | D:10     | Found a runed translucent door.
  8625 | D:10     | Found a basalt altar of Yredelemnul.
  8833 | D:10     | Found a blossoming altar of Fedhas.
  8986 | D:11     | Noticed Erolcha
  8992 | D:11     | Killed Erolcha
  9365 | D:11     | Noticed a two-headed ogre
  9371 | D:11     | Killed a two-headed ogre
  9615 | D:11     | Identified a scroll of acquirement
  9615 | D:11     | Acquired the amulet "Wycupn" {rC+++ Regen+ Str+4 Dex-4}
  9749 | D:12     | Annihilated by a titanic slime creature

Illustrated notes

Levels and vault maps discovered:
D:1:      psy_arrival_conway, layout_rooms
D:2:      layout_rooms, minmay_joined_circles, uniq_terence
D:3:      layout_basic, kiku_gazebo_pond_becter, gammafunk_ghost_cemetery,
          hellmonk_ecumenical_altar_inner_sanctum, grunt_decor_resistance,
          kennysheep_generic_room_7, uniq_crazy_yiuf_cottage, uniq_grinder,
          uniq_sigmund
D:4:      layout_basic, serial_shops, nicolae_shop_hallway_stairs, uniq_pikel
D:5:      layout_loops_ring, nicolae_ru_awakened_eye,
          lemuel_coloured_pillars_altar, minmay_temple_entry_proselytizer,
          lemuel_flame_loot_1
D:6:      layout_basic, chequers_temple_overflow_statue_of_worship,
          serial_shops, shop, nicolae_shop_firing_range
D:7:      layout_basic, lemuel_round_altar, kennysheep_little_box,
          grunt_gozag_breadcrumbs, worldfamousw_hep_ancestral_shrine,
          minmay_holes
D:8:      layout_rooms, enter_bailey_2, minmay_misc_feat_nine_boxes
D:9:      layout_irregular_city, lair_entry_dummy, erik_orc_1,
          chequers_serial_rivers_micro_a
D:10:     layout_cave_pools, elyvilon_altar_5, dk_yredelemnul_ordeal,
          general_overflow_altar, enter_trove_0, minmay_splitting_lines
D:11:     layout_irregular_city, nrook_pool_corridor, reono_crystal_passage,
          uniq_erolcha
D:12:     layout_basic, gammafunk_ghost_abyssal_escape, grunt_decor_one_mirror,
          evilmike_butchery, uniq_nessos

Skill      XL: |  1  2  3  4  5  6  7  8  9 10 11 |
---------------+----------------------------------+-----
Axes           | 4 5 7 9 10 12 | 12.1
Fighting       | 4 5 7 9 10 12 | 12.1
Armour         | 3 4 5 6 7 9 10 11 | 11.8
Dodging        | 3 4 6 8 9 10 | 10.9

Action                     |  1- 3 |  4- 6 |  7- 9 | 10-12 || total
---------------------------+-------+-------+-------+-------++-------
  Melee: Hand axe          |    72 |    83 |   297 |       ||   452
         Headbutt          |    10 |    11 |    64 |    34 ||   119
         Punch             |     1 |       |     4 |       ||     5
         Battleaxe         |       |       |    48 |    94 ||   142
         Broad axe         |       |       |       |   120 ||   120
    Use: Scroll            |     2 |     4 |    15 |     3 ||    24
         Potion            |       |     1 |       |       ||     1
 Armour: Animal skin       |     9 |       |       |       ||     9
         Chain mail        |    11 |    22 |     6 |    92 ||   131
         Plate armour      |       |    22 |   167 |       ||   189
  Dodge: Dodged            |    61 |    26 |   143 |   166 ||   396
  Block: Other             |       |       |    61 |    44 ||   105
         Reflection        |       |       |       |     5 ||     5

Table legend: (Time is in decaauts)
 A = Elapsed time spent in this place.
 B = Non-inter-level travel time spent in this place.
 C = Inter-level travel time spent in this place.
 D = Time resting spent in this place.
 E = Time spent auto-exploring this place.
 F = Levels seen in this place.
 G = Mean time per level.
                   A        B        C        D        E       F      G
               +--------+--------+--------+--------+--------+-----+--------+
         Total |   9794 |   9484 |    310 |   1127 |   6459 |  13 |  753.4 |
       Dungeon |   9483 |   9173 |    310 |   1025 |   6365 |  12 |  790.2 |
        Bailey |    310 |    310 |      0 |    102 |     93 |   1 |  310.0 |
               +--------+--------+--------+--------+--------+-----+--------+

Top non-repeatable levels by time:
     D:3: 1432 daAuts
     D:6: 1130 daAuts
     D:9: 1055 daAuts
     D:7: 932 daAuts
     D:5: 908 daAuts
     D:4: 869 daAuts
    D:11: 758 daAuts
     D:2: 680 daAuts
    D:10: 670 daAuts
     D:1: 551 daAuts
     D:8: 482 daAuts
  Bailey: 310 daAuts
    D:12: 10 daAuts
